 Seeded DCSS version 0.29.1-15-g9cfb28693d (webtiles) character file.

Game seed: 4560444620379715527 (custom seed)

39 MegasTu the Trooper (level 3, -1/33 HPs)
             Began as a Minotaur Fighter on July 28, 2023.
             Succumbed to a scorpion's poison
             ... on level 5 of the Dungeon.
             The game lasted 00:01:47 (1412 turns).

MegasTu the Trooper (Minotaur Fighter)              Turns: 1412, Time: 00:01:48

Health: -1/33      AC:  7    Str: 22    XL:     3   Next: 26%
Magic:  2/2        EV:  9    Int:  5    God:
Gold:   108        SH:  4    Dex:  9    Spells: 2/2 levels left

rFire   . . .      SeeInvis .   a - +0 long sword
rCold   . . .      Faith    .   c - +0 buckler
rNeg    . . .      Spirit   .   b - +0 scale mail
rPois   .          Reflect  .   (helmet restricted)
rElec   .          Harm     .   (no cloak)
rCorr   .          Rampage  .   (no gloves)
Will    .....                   (no boots)
Stlth   ..........              (no amulet)
HPRegen 0.11/turn               (no ring)
MPRegen 0.08/turn               (no ring)

@: lethally poisoned (-1 -> -14)
A: horns 2, retaliatory headbutt
a: no special abilities


You were on level 5 of the Dungeon.
You visited 1 branch of the dungeon, and saw 5 of its levels.

You collected 108 gold pieces.

Inventory:

Hand Weapons
 a - a +0 long sword (weapon)
Missiles
 e - 5 boomerangs (quivered)
Armour
 b - a +0 scale mail (worn)
 c - a +0 buckler (worn)
Jewellery
 i - a ring of protection from fire
 n - a +6 ring of dexterity
Scrolls
 f - 2 scrolls of identify {unknown}
 h - a scroll of torment {unknown}
 j - 3 scrolls of noise {unknown}
 l - a scroll of enchant armour {unknown}
 o - 2 scrolls of teleportation {unknown}
Potions
 d - a potion of might
 g - 2 potions of mutation {unknown}
 k - a potion of heal wounds {unknown}
 m - 2 potions of berserk rage {unknown}


   Skills:
 + Level 4.3 Fighting
 + Level 3.1 Long Blades
 + Level 4.1 Armour
 + Level 4.0 Shields


You had 2 spell levels left.
You didn't know any spells.
Your spell library was empty.

Dungeon Overview and Level Annotations

Branches:
Dungeon (5/15)
 Temple: D:4-7

Altars:

Shops:
D:1 :?(


Innate Abilities, Weirdness & Mutations

You have a pair of horns on your head.
You reflexively headbutt those who attack you in melee.


Message History

You headbutt the scorpion! You closely miss the scorpion.
The scorpion is severely wounded.
The orc hits you but does no damage. The scorpion completely misses you.
The orc hits you but does no damage.
You closely miss the scorpion.
The scorpion is severely wounded.
The scorpion misses you. You block the orc's attack.
You block the scorpion's attack.
You barely miss the scorpion.
The scorpion is severely wounded.
The orc barely misses you. You block the scorpion's attack.
You hit the scorpion but do no damage. Your headbutt misses the scorpion.
The scorpion is severely wounded.
The scorpion stings you but does no damage.
The orc barely misses you. The scorpion stings you.
You are poisoned.
The scorpion poisons you! The orc hits you but does no damage.
You closely miss the scorpion.
The scorpion is severely wounded.
You feel very sick. You block the scorpion's attack.
The orc hits you with a +0 vorpal hand axe.
You hit the scorpion but do no damage.
The scorpion is severely wounded.
You feel sick. You block the scorpion's attack. The orc barely misses you.
The scorpion stings you.
You are lethally poisoned!
The scorpion poisons you!
You closely miss the scorpion.
The scorpion is severely wounded.
You feel very sick. The scorpion stings you.
* * * LOW HITPOINT WARNING * * *
The orc hits you with a +0 vorpal hand axe.
* * * LOW HITPOINT WARNING * * *
x2 The scorpion stings you but does no damage.
You hit the scorpion. Your headbutt misses the scorpion.
The scorpion is almost dead.
You die...

#...#.##.#...#
#...#....##.##
#...#.#..# ..>
#.(.#.#..# ...
#.....#..# ..#
#......# #
#.!...##
#.os### #..@#
#####


You could see a scorpion and an orc.

Vanquished Creatures
  An adder (D:2)
  2 worms
  A dart slug (D:2)
  2 endoplasms
  A goblin (D:1)
  2 hobgoblins
  2 jackals (D:1)
  A kobold (D:1)
  4 ball pythons
  3 bats (D:1)
  A frilled lizard (D:1)
  3 rats (D:1)
23 creatures vanquished.

Notes
Turn   | Place    | Note
-------+----------+-------------------------------------------
     0 | D:1      | MegasTu the Minotaur Fighter began the quest for the Orb.
     0 | D:1      | Reached XP level 1. HP: 19/19 MP: 0/0
    86 | D:1      | Found Jesatwap's Antique Weapon Boutique.
   230 | D:1      | Reached XP level 2. HP: 27/27 MP: 1/1
   365 | D:1      | Found a faded altar of an unknown god.
   401 | D:1      | Found Tigux's Magic Scroll Boutique.
   534 | D:1      | Found Fip Qeir's Book Shop.
   965 | D:2      | Reached XP level 3. HP: 33/33 MP: 2/2
  1320 | D:3      | You fall into a shaft and drop 1 floor!
  1332 | D:4      | Noticed an ogre
  1379 | D:5      | Entered Level 5 of the Dungeon
  1385 | D:5      | Noticed a scorpion
  1392 | D:5      | Noticed an ogre
  1412 | D:5      | Succumbed to a scorpion's poison

Illustrated notes

Levels and vault maps discovered:
D:1:      dpeg_arrival_leaves_temple_mockup, layout_rooms, serial_shops,
          nicolae_lakefront_shop, nicolae_shop_crystal, nicolae_shop_stone,
          chequers_ecumenical_altar_grove, minmay_pentomino_p2
D:2:      layout_basic, uniq_sigmund
D:3:      layout_loops_ring, old_standard_altar, portal_sewer_entry_a,
          minmay_quantized
D:4:      layout_gridville, fedhas_altar_1
D:5:      layout_basic

Skill      XL: |  1  2  3 |
---------------+----------+-----
Fighting       | 4 |  4.3
Armour         | 4 |  4.1
Shields        | 4 |  4.0
Long Blades    | 3 |  3.1

Action                   || total
-------------------------++-------
Melee: Long sword        ||    67
       Headbutt          ||     6
Throw: Boomerang         ||     1
Armor: Scale mail        ||    31
Dodge: Dodged            ||    26
Block: Buckler           ||    13
